 Dungeon Crawl Stone Soup version 0.21.1-1-g345015f (webtiles) character file.

61 snrub the Gusty (level 4, 0/45 HPs)
             Began as a Human Air Elementalist on June 1, 2018.
             Slain by Cadaver's ghost (3 damage)
             ... on level 3 of the Dungeon.
             The game lasted 00:33:25 (2018 turns).

snrub the Gusty (Human Air Elementalist)            Turns: 2018, Time: 00:33:26

Health: 0/45       AC: 29    Str:  8    XL:     4   Next: 27%
Magic:  0/7        EV:  2    Int: 16    God:
Gold:   158        SH:  0    Dex: 14    Spells: 6/7 levels left

rFire    . . .     SeeInvis .   y - +1 dagger (protect)
rCold    . . .     Gourm    .   (no shield)
rNeg     + + +     Faith    .   (armour currently unavailable)
rPois    +         Spirit   .   (helmet currently unavailable)
rElec    .         Reflect  .   (cloak currently unavailable)
rCorr    .         Harm     .   (gloves currently unavailable)
MR       .....     NoTele   +   (boots currently unavailable)
Stlth    ++........             (no amulet)
HPRegen  0.15/turn              (no ring)
MPRegen  0.10/turn              (no ring)

@: tree-form, protection aura, very slightly contaminated
A: no striking features
a: no special abilities


You were on level 3 of the Dungeon.
You were not hungry.
You were a tree.
You visited 1 branch of the dungeon, and saw 3 of its levels.

You collected 158 gold pieces.

Inventory:

Hand Weapons
 g - a +0 dagger
 j - a +0 club
 l - a +0 short sword
 p - a +0 club
 v - a cursed +0 dagger
 w - a +0 hunting sling
 y - a +1 dagger of protection (weapon)
 B - a +0 dagger
Missiles
 e - 40 stones
 h - 4 tomahawks (quivered)
 r - 10 arrows
 C - 13 poisoned needles
Armour
 a - a +0 robe
 f - a +0 ring mail
 i - a +0 leather armour (melded)
 m - a +0 robe
 z - a +2 hat (melded)
Scrolls
 d - a scroll of identify
 o - a scroll of fear {unknown}
 q - 5 scrolls of remove curse {unknown}
 s - 4 scrolls of teleportation {unknown}
 x - 2 scrolls of enchant armour {unknown}
Potions
 k - a potion of resistance {unknown}
 n - a potion of invisibility {unknown}
Books
 b - a book of Air

   Spells                             Type                      Level
   a - Shock                          Conjuration/Air              1
   b - Swiftness                      Charms/Air                   2
   c - Static Discharge               Conjuration/Air              3
   d - Airstrike                      Air                          4
   e - Lightning Bolt                 Conjuration/Air              5
Comestibles
 c - 2 rations


   Skills:
 * Level 0.3 Fighting
 + Level 0.1(0.2) Slings
 + Level 0.3 Throwing
 + Level 0.3 Armour
 * Level 2.5 Dodging
 + Level 2.0 Stealth
 + Level 0.8 Unarmed Combat
 * Level 2.3 Spellcasting
 * Level 1.6 Conjurations
 * Level 3.4 Air Magic


You had 6 spell levels left.
You knew the following spells:

 Your Spells              Type           Power        Failure   Level  Hunger
a - Shock                 Conj/Air       ##..         7%          1    #......


Dungeon Overview and Level Annotations

Branches:
Dungeon (3/15)

Altars:

Annotations:
D:3 Cadaver's ghost, amateur DgWn


Message History

You barely miss Cadaver's ghost.
Cadaver's ghost is severely damaged.
Cadaver's ghost hits you.
* * * LOW HITPOINT WARNING * * *
You hit Cadaver's ghost but do no damage.
Cadaver's ghost is severely damaged.
Cadaver's ghost hits you but does no damage.
You cannot move.
Casting: Shock
Confirm with . or Enter, or press ? or * to list all spells.
Aiming: Shock
Press: ? - help, Shift-Dir - straight line, f/p - Cadaver's ghost
Aim: Cadaver's ghost (severely damaged)
The zap hits Cadaver's ghost.
Cadaver's ghost is severely damaged.
Cadaver's ghost hits you but does no damage.
You hit Cadaver's ghost but do no damage.
Cadaver's ghost is severely damaged.
Cadaver's ghost hits you.
You die...

# #.# #...# # #.# ##.##
# #># #.# #
#.#######†#### #
#.##.........##.# #
#...............#
#######..#######.#.#....
.........# #W#.# ###
#..#####.# #♣..#
#.#.####.### #..##
.....#<....# #..#
#...##.....# #...
.....#.....# .....
.....#.)...# ##.##.
.##..#.....# .. .#
....######## #. # .####


You could see Cadaver's ghost.

Vanquished Creatures
  An adder (D:3)
  2 dart slugs (D:1)
  6 bats
  A giant cockroach (D:1)
  3 goblins
  5 hobgoblins
  11 jackals (D:2)
  5 frilled lizards
  6 kobolds
  3 rats
43 creatures vanquished.

Notes
Turn   | Place    | Note
-------+----------+-------------------------------------------
     0 | D:1      | snrub the Human Air Elementalist began the quest for the Orb.
     0 | D:1      | Reached XP level 1. HP: 13/13 MP: 3/3
   425 | D:1      | Reached XP level 2. HP: 19/19 MP: 1/5
   900 | D:2      | Reached XP level 3. HP: 24/24 MP: 0/6
  1764 | D:2      | Reached XP level 4. HP: 26/30 MP: 3/7
  1981 | D:3      | Noticed Cadaver's ghost (amateur DgWn)
  2018 | D:3      | Slain by Cadaver's ghost

Action                   |  1- 3 |  4- 6 || total
-------------------------+-------+-------++-------
Melee: Unarmed           |    12 |       ||    12
       Club              |    10 |       ||    10
       Short sword       |    53 |       ||    53
       Dagger            |    12 |    13 ||    25
 Fire: Hunting sling     |     3 |       ||     3
Throw: Stone             |    14 |       ||    14
       Tomahawk          |     5 |     2 ||     7
 Cast: Shock             |    52 |    15 ||    67
  Use: Scroll            |     1 |       ||     1
       Potion            |       |     3 ||     3
  Eat: Ration            |     1 |       ||     1
       Chunk             |       |     1 ||     1
Armor: Robe              |     1 |       ||     1
       Leather armour    |    33 |     1 ||    34
       Ring mail         |     1 |       ||     1
       Skin              |       |     5 ||     5
Dodge: Dodged            |   119 |     7 ||   126
